PL
ATLANTA SMOKE @ BOSTON PATRIOTS
08/30/2022
 
TOP OF THE 1ST
Atlanta Smoke batting - Pitching for Boston Patriots : RHP Jorge Aguirre
Pitching: RHP Jorge Aguirre
Batting: LHB Albert Morán 0-0: Foul Ball, location: 2F
0-1: Ball
1-1: Ground out 4-3 (Groundball, 34)
Batting: RHB Cale Sutton 0-0: Ball
1-0: Foul Ball, location: 2F
1-1: Foul Ball, location: 2F
1-2: Ball
2-2: Fly out, F8 (Flyball, 8LXD)
Batting: RHB Bob Campbell 0-0: Foul Ball, location: 2F
0-1: Ball
1-1: Ball
2-1: Ball
3-1: Base on Balls
Batting: RHB Iván Pérez 0-0: Ball
1-0: Called Strike
1-1: Swinging Strike
1-2: SINGLE (Line Drive, 4MD)
Bob Campbell to second
Runner from 2nd tries for 3rd, OUT after rundown.
Top of the 1st over - 0 run(s), 1 hit(s), 0 error(s), 1 left on base; Atlanta 0 - Boston 0
BOTTOM OF THE 1ST
Boston Patriots batting - Pitching for Atlanta Smoke : LHP José Flores
Pitching: LHP José Flores
Batting: RHB Tamasaburo Kato 0-0: Ball
1-0: Swinging Strike
1-1: Foul Ball, location: 2F
1-2: Ball
2-2: Strikes out swinging
Batting: RHB Wilfred McLaughlin 0-0: Called Strike
0-1: Swinging Strike
0-2: Ball
1-2: Ground out 6-3 (Groundball, 6)
Batting: RHB Terry Armstrong 0-0: Foul Ball, location: 2F
0-1: Ball
1-1: Ground out 5-3 (Groundball, 5L)
Bottom of the 1st over - 0 run(s), 0 hit(s), 0 error(s), 0 left on base; Atlanta 0 - Boston 0
TOP OF THE 2ND
Atlanta Smoke batting - Pitching for Boston Patriots : RHP Jorge Aguirre
Batting: RHB Chris Teague 0-0: Called Strike
0-1: Ball
1-1: Ball
2-1: Fly out, F3 (Popup, 3DF)
Batting: LHB Armando Esparza 0-0: Ball
1-0: Foul Ball, location: 2F
1-1: Ball
2-1: Swinging Strike
2-2: Strikes out swinging
Batting: RHB Mike Brown 0-0: Called Strike
0-1: Ball
1-1: Ball
2-1: Ball
3-1: Base on Balls
Batting: RHB Bartolo Morales 0-0: Ball
Mike Brown steals 2nd base
1-0: Called Strike
1-1: Ball
2-1: Ball
3-1: Swinging Strike
3-2: Strikes out looking
Top of the 2nd over - 0 run(s), 0 hit(s), 0 error(s), 1 left on base; Atlanta 0 - Boston 0
BOTTOM OF THE 2ND
Boston Patriots batting - Pitching for Atlanta Smoke : LHP José Flores
Batting: RHB Arnie Latham 0-0: Ball
1-0: SINGLE (Line Drive, 89M)
Batting: LHB Bill Chambers 0-0: Swinging Strike
0-1: Ball
1-1: Foul Ball, location: 2F
1-2: Ball
2-2: Strikes out swinging
Batting: RHB Abílio Conceio 0-0: Foul Ball, location: 2F
0-1: Foul Ball, location: 2F
0-2: Foul Ball, location: 2F
0-2: Ball
1-2: Strikes out swinging
Batting: RHB Enrique Pérez 0-0: Ball
1-0: SINGLE (Line Drive, 7S)
Arnie Latham to second
Batting: RHB Bobby Christopher 0-0: Called Strike
0-1: Ball
1-1: Foul Ball, location: 2F
1-2: Ball
2-2: DOUBLE (Line Drive, 89XD)
Arnie Latham scores
Enrique Pérez to third
Runner from 3rd tries for Home, SAFE, throw made home
Batting: RHB Karl Schultz 0-0: Ball
1-0: Ball
2-0: Ball
3-0: Called Strike
3-1: Base on Balls
Batting: RHB Tamasaburo Kato 0-0: Ground out 1-3 (Groundball, 13)
Bottom of the 2nd over - 2 run(s), 3 hit(s), 0 error(s), 2 left on base; Atlanta 0 - Boston 2
TOP OF THE 3RD
Atlanta Smoke batting - Pitching for Boston Patriots : RHP Jorge Aguirre
Batting: RHB Mike Burns 0-0: Swinging Strike
0-1: Foul Ball, location: 2F
0-2: Strikes out swinging
Batting: LHB Albert Morán 0-0: Ball
1-0: Ball
2-0: Ball
3-0: Called Strike
3-1: Fly out, F4 (Popup, 4MS)
Batting: RHB Cale Sutton 0-0: Ball
1-0: Swinging Strike
1-1: Swinging Strike
1-2: Strikes out looking
Top of the 3rd over - 0 run(s), 0 hit(s), 0 error(s), 0 left on base; Atlanta 0 - Boston 2
BOTTOM OF THE 3RD
Boston Patriots batting - Pitching for Atlanta Smoke : LHP José Flores
Batting: RHB Wilfred McLaughlin 0-0: Swinging Strike
0-1: SINGLE (Line Drive, 78S)
Batting: RHB Terry Armstrong 0-0: Ground out 3-1 (Groundball, 34)
Wilfred McLaughlin to second
Batting: RHB Arnie Latham 0-0: Ball
1-0: Ball
2-0: Called Strike
2-1: Ball
3-1: TRIPLE (Line Drive, 8LM)
Wilfred McLaughlin scores
Batting: LHB Bill Chambers 0-0: Foul Ball, location: 2F
0-1: Called Strike
0-2: Ball
1-2: Foul Ball, location: 2F
1-2: SINGLE (Line Drive, 6D)
Arnie Latham scores
Batting: RHB Abílio Conceio 0-0: Called Strike
0-1: Foul Ball, location: 2F
0-2: Ball
1-2: Ball
2-2: Reached on error, E5 (Groundball, 56)
Bill Chambers to second
Batting: RHB Enrique Pérez 0-0: Ball
1-0: Ball
2-0: Ball
3-0: Called Strike
3-1: Base on Balls
Bill Chambers to third
Abílio Conceio to second
Batting: RHB Bobby Christopher 0-0: Called Strike
0-1: Called Strike
0-2: Ball
1-2: Ball
2-2: Foul Ball, location: 2F
2-2: Fly out, F9 (Flyball, 9M)
Batting: RHB Karl Schultz 0-0: Reached on error, E6 (Groundball, 6M)
Bill Chambers scores
Abílio Conceio to third
Enrique Pérez to second
Batting: RHB Tamasaburo Kato 0-0: Swinging Strike
0-1: Foul Ball, location: 2F
0-2: SINGLE (Line Drive, 56D)
Abílio Conceio scores
Enrique Pérez to third
Karl Schultz to second
Runner from 3rd tries for Home, SAFE, no throw or cutoff
Batting: RHB Wilfred McLaughlin 0-0: Ball
1-0: Ball
2-0: Ground out 6-3 (Groundball, 6)
Bottom of the 3rd over - 5 run(s), 4 hit(s), 2 error(s), 2 left on base; Atlanta 0 - Boston 7
TOP OF THE 4TH
Atlanta Smoke batting - Pitching for Boston Patriots : RHP Jorge Aguirre
Batting: RHB Bob Campbell 0-0: Fly out, F3 (Popup, 3F)
Batting: RHB Iván Pérez 0-0: Ball
1-0: Ball
2-0: SINGLE (Line Drive, 78M)
Batting: RHB Chris Teague 0-0: SINGLE (Groundball, 56D)
Iván Pérez to second
Batting: LHB Armando Esparza 0-0: Ball
Iván Pérez is caught stealing 3rd base
Chris Teague to second
1-0: Ball
2-0: Foul Ball, location: 2F
2-1: Called Strike
2-2: Foul Ball, location: 2F
2-2: Strikes out swinging
Top of the 4th over - 0 run(s), 2 hit(s), 0 error(s), 1 left on base; Atlanta 0 - Boston 7
BOTTOM OF THE 4TH
Boston Patriots batting - Pitching for Atlanta Smoke : LHP José Flores
Pitching: RHP Andrés Martínez
Batting: RHB Terry Armstrong 0-0: Ball
1-0: Foul Ball, location: 2F
1-1: Foul Ball, location: 2F
1-2: Ball
2-2: Ground out 3-1 (Groundball, 3)
Batting: RHB Arnie Latham 0-0: Called Strike
0-1: Foul Ball, location: 2F
0-2: Ball
1-2: Foul Ball, location: 2F
1-2: Foul Ball, location: 2F
1-2: Fly out, F9 (Flyball, 89M)
Batting: LHB Bill Chambers 0-0: Called Strike
0-1: Called Strike
0-2: Ball
1-2: Foul Ball, location: 2F
1-2: Ball
2-2: Ball
3-2: SINGLE (Line Drive, 78S)
Batting: RHB Abílio Conceio 0-0: Called Strike
Bill Chambers steals 2nd base
0-1: Foul Ball, location: 2F
0-2: Ball
1-2: Ball
2-2: Ball
3-2: Ground out 5-3 (Groundball, 5L)
Bottom of the 4th over - 0 run(s), 1 hit(s), 0 error(s), 1 left on base; Atlanta 0 - Boston 7
TOP OF THE 5TH
Atlanta Smoke batting - Pitching for Boston Patriots : RHP Jorge Aguirre
Batting: RHB Mike Brown 0-0: Called Strike
0-1: Called Strike
0-2: Foul Ball, location: 2F
0-2: Strikes out swinging
Batting: RHB Bartolo Morales 0-0: Ball
1-0: Called Strike
1-1: Fly out, F9 (Flyball, 9M)
Batting: RHB Mike Burns 0-0: Foul Ball, location: 2F
0-1: Called Strike
0-2: Ball
1-2: Ball
2-2: Strikes out looking
Top of the 5th over - 0 run(s), 0 hit(s), 0 error(s), 0 left on base; Atlanta 0 - Boston 7
BOTTOM OF THE 5TH
Boston Patriots batting - Pitching for Atlanta Smoke : RHP Andrés Martínez
Batting: RHB Enrique Pérez 0-0: Called Strike
0-1: Ball
1-1: DOUBLE (Line Drive, 7LM)
Batting: RHB Bobby Christopher 0-0: Called Strike
0-1: Ground out 5-3 (Groundball, 5)
Batting: RHB Karl Schultz 0-0: Ball
1-0: Called Strike
1-1: Ball
2-1: Foul Ball, location: 2F
2-2: Fly out, F9 (Flyball, 9D)
Runner from 2nd tags up, SAFE at 3rd, no throw
Pitching: RHP Iván García
Batting: RHB Tamasaburo Kato 0-0: Ball
1-0: Ball
2-0: Called Strike
2-1: Ball
3-1: Swinging Strike
3-2: Base on Balls
Batting: RHB Wilfred McLaughlin 0-0: Called Strike
0-1: Foul Ball, location: 2F
0-2: Strikes out looking
Bottom of the 5th over - 0 run(s), 1 hit(s), 0 error(s), 2 left on base; Atlanta 0 - Boston 7
TOP OF THE 6TH
Atlanta Smoke batting - Pitching for Boston Patriots : RHP Jorge Aguirre
Batting: LHB Albert Morán 0-0: Foul Ball, location: 2F
0-1: Ball
1-1: Ball
2-1: Ball
3-1: Ground out U3 (Groundball, 3S)
Batting: RHB Cale Sutton 0-0: Swinging Strike
0-1: Swinging Strike
0-2: Strikes out swinging
Batting: RHB Bob Campbell 0-0: Ball
1-0: Swinging Strike
1-1: Ground out 6-3 (Groundball, 56)
Top of the 6th over - 0 run(s), 0 hit(s), 0 error(s), 0 left on base; Atlanta 0 - Boston 7
BOTTOM OF THE 6TH
Boston Patriots batting - Pitching for Atlanta Smoke : RHP Iván García
Batting: RHB Terry Armstrong 0-0: Swinging Strike
0-1: Ball
1-1: Ground out 6-3 (Groundball, 6M)
Batting: RHB Arnie Latham 0-0: Foul Ball, location: 2F
0-1: Ball
1-1: Swinging Strike
1-2: Ball
2-2: Foul Ball, location: 2F
2-2: Strikes out swinging
Batting: LHB Bill Chambers 0-0: Called Strike
0-1: Ball
1-1: Swinging Strike
1-2: Ball
2-2: Strikes out looking
Bottom of the 6th over - 0 run(s), 0 hit(s), 0 error(s), 0 left on base; Atlanta 0 - Boston 7
TOP OF THE 7TH
Atlanta Smoke batting - Pitching for Boston Patriots : RHP Jorge Aguirre
Batting: RHB Iván Pérez 0-0: Foul Ball, location: 2F
0-1: Ball
1-1: Ball
2-1: Foul Ball, location: 2F
2-2: Fly out, F9 (Line Drive, 9M)
Batting: RHB Chris Teague 0-0: Called Strike
0-1: Foul Ball, location: 2F
0-2: Ball
1-2: Fly out, F6 (Popup, 5)
Batting: LHB Armando Esparza 0-0: Called Strike
0-1: Ball
1-1: Ball
2-1: Foul Ball, location: 2F
2-2: Foul Ball, location: 2F
2-2: Ball
3-2: Strikes out swinging
Top of the 7th over - 0 run(s), 0 hit(s), 0 error(s), 0 left on base; Atlanta 0 - Boston 7
BOTTOM OF THE 7TH
Boston Patriots batting - Pitching for Atlanta Smoke : RHP Iván García
Batting: RHB Abílio Conceio 0-0: Foul Ball, location: 2F
0-1: Swinging Strike
0-2: Ball
1-2: Ball
2-2: Ground out 6-3 (Groundball, 56)
Batting: RHB Enrique Pérez 0-0: Ball
1-0: Foul Ball, location: 2F
1-1: Foul Ball, location: 2F
1-2: Ball
2-2: Ground out 6-3 (Groundball, 6M)
Batting: RHB Bobby Christopher 0-0: Ball
1-0: Fly out, F9 (Flyball, 9LD)
Bottom of the 7th over - 0 run(s), 0 hit(s), 0 error(s), 0 left on base; Atlanta 0 - Boston 7
TOP OF THE 8TH
Atlanta Smoke batting - Pitching for Boston Patriots : RHP Jorge Aguirre
Batting: RHB Mike Brown 0-0: Foul Ball, location: 2F
0-1: Ball
1-1: Swinging Strike
1-2: Strikes out swinging, 2-3 out at first.
Batting: RHB Bartolo Morales 0-0: Ball
1-0: Fly out, F6 (Line Drive, 6M)
Batting: RHB Mike Burns 0-0: Ball
1-0: Foul Ball, location: 2F
1-1: Ball
2-1: Foul Ball, location: 2F
2-2: Foul Ball, location: 2F
2-2: Ground out 6-3 (Groundball, 6)
Top of the 8th over - 0 run(s), 0 hit(s), 0 error(s), 0 left on base; Atlanta 0 - Boston 7
BOTTOM OF THE 8TH
Boston Patriots batting - Pitching for Atlanta Smoke : RHP Iván García
Batting: RHB Karl Schultz 0-0: Ground out 6-3 (Groundball, 6)
Batting: RHB Tamasaburo Kato 0-0: Foul Ball, location: 2F
0-1: Foul Ball, location: 2F
0-2: Foul Ball, location: 2F
0-2: Ball
1-2: Foul Ball, location: 2F
1-2: Ball
2-2: Ball
3-2: DOUBLE (Line Drive, 7LM)
Batting: RHB Wilfred McLaughlin 0-0: Foul Ball, location: 2F
0-1: Ground out 4-3 (Groundball, 4)
Tamasaburo Kato to third
Batting: RHB Terry Armstrong 0-0: Ball
1-0: Foul Ball, location: 2F
1-1: Ball
2-1: Ground out 3-1 (Groundball, 34)
Bottom of the 8th over - 0 run(s), 1 hit(s), 0 error(s), 1 left on base; Atlanta 0 - Boston 7
TOP OF THE 9TH
Atlanta Smoke batting - Pitching for Boston Patriots : RHP Jorge Aguirre
Pitching: RHP Roy Robinson
Batting: LHB Albert Morán 0-0: Called Strike
0-1: DOUBLE (Line Drive, 89D)
Batting: RHB Cale Sutton 0-0: Ball
1-0: Fly out, F7 (Flyball, 78XD)
Runner from 2nd tags up, SAFE at 3rd, no throw
Batting: RHB Bob Campbell 0-0: Ball
1-0: Swinging Strike
1-1: Foul Ball, location: 2F
1-2: Strikes out looking
Batting: RHB Iván Pérez 0-0: Foul Ball, location: 2F
0-1: Fly out, F8 (Flyball, 8LM)
Top of the 9th over - 0 run(s), 1 hit(s), 0 error(s), 1 left on base; Atlanta 0 - Boston 7
This league is powered by Out of the Park Baseball, the baseball management simulation game for PC, Mac and Linux
Friday, April 15th, 2016 - OOTP Baseball 16.9 Build 39